 Dungeon Crawl Stone Soup version 0.19.1-1-g22dce08 (webtiles) character file.

8848 markt42 the Basher (level 11, -2/67 HPs)
             Began as a Gargoyle Fighter on Dec 29, 2016.
             Was a High Priest of Okawaru.
             Slain by Harold
             ... wielding a +0 halberd
              (6 damage)
             ... on level 10 of the Dungeon.
             The game lasted 00:11:36 (7231 turns).

markt42 the Basher (Gargoyle Fighter)               Turns: 7231, Time: 00:11:37

Health: -2/67      AC: 33    Str: 22 (24) XL:     11   Next: 37%
Magic:  11/11      EV:  7    Int:  9 (10) God:    Okawaru [*****.]
Gold:   571        SH:  6    Dex: 12      Spells: 0 memorised, 10 levels left

rFire  + . .     SeeInvis .     p - +8 morningstar (vamp)
rCold  . . .     Gourm    +     M - +0 plate armour
rNeg   + . .     Faith    .     b - +0 buckler of Reppe {MR+++ Slay+2}
rPois  ∞         Spirit   .     (no helmet)
rElec  +         Reflect  .     N - +1 cloak
rCorr  .         Harm     .     n - +2 pair of gloves {Str+3}
MR     +++..                    t - +0 pair of boots
Stlth  ..........               L - amulet of the gourmand
                                m - ring of protection from fire
                                O - +3 ring of protection

@: about to teleport
A: thin metallic scales 2, thin skeletal structure 1, negative energy resistance
1, electricity resistance, unbreathing, petrification resistance, rot immunity,
MP-powered wands, AC +7
a: Heroism, Finesse, Renounce Religion


You were on level 10 of the Dungeon.
You worshipped Okawaru.
Okawaru was extremely pleased with you.
You were very hungry.

You visited 2 branches of the dungeon, and saw 11 of its levels.

You collected 571 gold pieces.

Inventory:

Hand Weapons
 p - a +8 vampiric morningstar (weapon)
Armour
 b - the +0 buckler of Reppe (worn) {MR+++ Slay+2}
   (You acquired it on level 9 of the Dungeon)

   It affects your accuracy and damage with ranged weapons and melee attacks
   (+2).
   It affects your resistance to hostile enchantments.
 n - a +2 pair of gloves of strength (worn)
 t - a +0 pair of boots (worn)
 M - a +0 plate armour (worn)
 N - a +1 cloak (worn)
Jewellery
 m - a ring of protection from fire (right hand)
 L - an amulet of the gourmand (around neck)
 O - a +3 ring of protection (left hand)
Wands
 c - a wand of disintegration (17/24)
Scrolls
 g - 5 scrolls of identify
 j - 3 scrolls of amnesia
 q - 4 scrolls of remove curse
 r - a scroll of noise
 u - 3 scrolls of fog
 y - a scroll of recharging
 H - 2 scrolls of teleportation
Potions
 h - a potion of cure mutation
 s - 2 potions of ambrosia
 B - 2 potions of brilliance
 Q - a potion of might
Comestibles
 a - 2 fruits
 f - 4 bread rations
 x - 3 meat rations
 D - 9 slices of pizza
 G - 2 beef jerkies


   Skills:
 + Level 7.5 Fighting
 * Level 13.2 Maces & Flails
 + Level 6.4 Armour
 + Level 2.0 Dodging
 + Level 8.4 Shields


You had 10 spell levels left.
You didn't know any spells.

Dungeon Overview and Level Annotations

Branches:
Dungeon (10/15)            Temple (1/1) D:6            Lair (0/6) D:9
    Orc: D:9-12

Altars:
Ashenzari
Cheibriados
Dithmenos
Elyvilon
Fedhas
Gozag
Hepliaklqana
Kikubaaqudgha
Makhleb
Nemelex Xobeh
Okawaru
Qazlal
Ru
Sif Muna
Trog
Uskayaw
Vehumet
Xom
Yredelemnul
Zin
The Shining One

Shops:
D:5 (   D:7 *

Annotations:
D:10 Harold


Innate Abilities, Weirdness & Mutations

You are resistant to torment.
Your stone body is resilient. (AC +7)
You are immune to poison.
You resist negative energy. (rN+)
You are resistant to electric shocks. (rElec)
You can survive without breathing.
You are immune to petrification.
You are immune to rotting.
You are mostly covered in thin metallic scales. (AC +3)
You have a somewhat thin skeletal structure. (Dex +2, Stealth)
You expend magic power (3 MP) to strengthen your wands.


Message History

You see here a throwing net.
You struggle against the net.
The orc hits you but does no damage.
You tear a large gash into the net.
The orc closely misses you.
You rip the net and break free!
The orc hits you but does no damage. You block Harold's attack.
You feel a little less mighty now. Harold gestures at you while chanting.
The bolt of fire hits you! You resist.
* * * LOW HITPOINT WARNING * * *
Okay, then.
As you read the scroll of fog, it crumbles to dust.
The scroll dissolves into smoke.
Harold gestures at you while chanting. The bolt of fire hits you!
Okay, then.
As you read the scroll of teleportation, it crumbles to dust.
You feel strangely unstable.
Okay, then.
Harold hits you from afar with a halberd.
You die...

...#######.### #...#
...##........# ##@.#
...##......§§# #..#
........((§§§########o.###
#####(....§§§§§§§.@o.o>..#
..........§§§#######.....#
#####.....§§o##### #.....#
#.....§§§§@§.# #.....#
########.§§§@# #.....#
#..§..# #.....# #.....#
#.....# #.....# #######
#.....# #.....# #######


You could see Harold.

Vanquished Creatures
  Snorg (D:10)
  Erica (D:8)
  The ghost of Quirk the Cleaver, a novice DsFi of Okawaru (D:9)
  A hill giant (D:10)
  Maurice (D:8)
  A komodo dragon (D:9)
  3 trolls
  A hippogriff (D:8)
  Sigmund (D:5)
  8 yaks
  2 hungry ghosts
  2 water moccasins (D:8)
  4 orc warriors
  2 ogres
  4 sky beasts
  A phantom (D:4)
  5 centaurs
  3 bullfrogs
  2 wyvern zombies
  A gnoll sergeant (D:9)
  5 wights (D:8)
  2 crimson imps
  A jelly (D:8)
  2 quasits
  3 centaur zombies
  2 hounds
  6 orc wizards
  4 orc priests
  A bullfrog skeleton (D:8)
  Ijyb (D:3)
  Terence (D:3)
  5 iguanas
  5 worker ants
  A hound skeleton (D:6)
  13 adders
  7 gnolls
  2 shadow imps
  4 oozes
  2 adder zombies
  2 worms
  2 dart slugs
  5 leopard geckos
  24 orcs
  9 giant cockroaches
  12 goblins
  10 hobgoblins
  11 jackals
  3 quokkas
  3 ball pythons
  12 bats
  4 frilled lizards
  7 kobolds
  15 rats
231 creatures vanquished.

Vanquished Creatures (others)
  An orc (D:10)
  A plant (D:9)
2 creatures vanquished.

Grand Total: 233 creatures vanquished

Notes
Turn   | Place    | Note
-------+----------+-------------------------------------------
     0 | D:1      | markt42 the Gargoyle Fighter began the quest for the Orb.
     0 | D:1      | Reached XP level 1. HP: 14/14 MP: 1/1
   228 | D:1      | Reached XP level 2. HP: 19/19 MP: 2/2
   439 | D:1      | Reached XP level 3. HP: 17/24 MP: 3/3
   807 | D:2      | Found a glowing silver altar of Zin.
  1058 | D:2      | Reached skill level 3 in Maces & Flails
  1058 | D:2      | Reached XP level 4. HP: 29/29 MP: 4/4
  1247 | D:2      | Found a basalt altar of Yredelemnul.
  1382 | D:2      | Found a white marble altar of Elyvilon.
  1575 | D:3      | Noticed Terence
  1584 | D:3      | Killed Terence
  1584 | D:3      | Reached XP level 5. HP: 33/33 MP: 5/5
  1663 | D:3      | Found a sacrificial altar of Ru.
  1683 | D:3      | Reached skill level 4 in Maces & Flails
  1798 | D:3      | Noticed Ijyb
  1816 | D:3      | Killed Ijyb
  1880 | D:3      | Found an ancient bone altar of Kikubaaqudgha.
  2145 | D:3      | Reached XP level 6. HP: 38/38 MP: 6/6
  2252 | D:4      | Noticed a phantom
  2263 | D:4      | Killed a phantom
  2347 | D:4      | Noticed a moth of wrath
  2349 | D:4      | Found a bloodstained altar of Trog.
  2364 | D:4      | Reached skill level 1 in Dodging
  2497 | D:4      | Found a hazy altar of Hepliaklqana.
  2721 | D:4      | Reached skill level 5 in Maces & Flails
  2835 | D:5      | Entered Level 5 of the Dungeon
  2980 | D:5      | Reached XP level 7. HP: 44/44 MP: 7/7
  3084 | D:5      | Found Ogryaqia's Antique Weapon Boutique.
  3172 | D:5      | Noticed Sigmund
  3177 | D:5      | Killed Sigmund
  3177 | D:5      | Reached skill level 6 in Maces & Flails
  3315 | D:5      | Gained mutation: You are partially covered in thin metallic scales. (AC +2) [mutagenic meat]
  3316 | D:5      | Gained mutation: You are mostly covered in thin metallic scales. (AC +3) [mutagenic meat]
  3317 | D:5      | Gained mutation: You expend magic power (3 MP) to strengthen your wands. [mutagenic meat]
  3318 | D:5      | Gained mutation: You have a somewhat thin skeletal structure. (Dex +2, Stealth) [mutagenic meat]
  3498 | D:6      | Found a shimmering altar of Xom.
  3591 | D:6      | Reached skill level 7 in Maces & Flails
  3591 | D:6      | Reached XP level 8. HP: 44/48 MP: 8/8
  3625 | D:6      | Reached skill level 5 in Shields
  3632 | D:6      | Found a staircase to the Ecumenical Temple.
  3654 | Temple   | Entered the Ecumenical Temple
  3707 | Temple   | Became a worshipper of Warmaster Okawaru
  3984 | D:6      | Found a deep blue altar of Sif Muna.
  4055 | D:7      | Reached skill level 8 in Maces & Flails
  4171 | D:7      | Reached skill level 5 in Fighting
  4306 | D:7      | Reached * piety under Okawaru
  4314 | D:7      | Found Kixti's General Store.
  4693 | D:8      | Reached skill level 9 in Maces & Flails
  4868 | D:7      | Reached XP level 9. HP: 54/54 MP: 9/9
  4996 | D:8      | Reached skill level 10 in Maces & Flails
  5120 | D:8      | Reached ** piety under Okawaru
  5164 | D:8      | Noticed Maurice
  5185 | D:8      | Killed Maurice
  5250 | D:8      | Noticed Erica
  5257 | D:8      | Killed Erica
  5257 | D:8      | Reached skill level 11 in Maces & Flails
  5257 | D:8      | Reached XP level 10. HP: 60/60 MP: 10/10
  5277 | D:8      | Reached *** piety under Okawaru
  5333 | D:8      | Reached skill level 5 in Armour
  5997 | D:8      | Reached **** piety under Okawaru
  5999 | D:8      | Reached skill level 12 in Maces & Flails
  6324 | D:9      | Noticed Quirk's ghost (novice DsFi)
  6337 | D:9      | Killed Quirk's ghost
  6380 | D:9      | Reached ***** piety under Okawaru
  6611 | D:9      | Received a gift from Okawaru
  6611 | D:9      | Reached XP level 11. HP: 66/66 MP: 11/11
  6726 | D:9      | Found a staircase to the Lair.
  6907 | D:9      | Identified a scroll of acquirement
  6908 | D:9      | Got a pitted buckler
  6931 | D:9      | Identified the +0 buckler of Reppe {MR+++ Slay+2} (You acquired it on level 9 of the Dungeon)
  6978 | D:10     | Entered Level 10 of the Dungeon
  7080 | D:10     | Noticed a hill giant
  7088 | D:10     | Killed a hill giant
  7088 | D:10     | Reached skill level 13 in Maces & Flails
  7165 | D:10     | Noticed Harold
  7166 | D:10     | Noticed Snorg
  7188 | D:10     | Killed Snorg
  7219 | D:10     | HP: 1/67 [Harold/bolt of fire (19)]
  7231 | D:10     | Slain by Harold

Skill      XL: |  1  2  3  4  5  6  7  8  9 10 11 |
---------------+----------------------------------+-----
Maces & Flails | 3 4 5 7 9 11 12 13 | 13.2
Shields        | 4 5 6 7 8 |  8.4
Fighting       | 4 5 6 7 |  7.5
Armour         | 4 6 |  6.4
Dodging        | 1 2 |  2.0

Action                   |  1- 3 |  4- 6 |  7- 9 | 10-12 || total
-------------------------+-------+-------+-------+-------++-------
Melee: Flail             |   178 |    49 |       |       ||   227
       Morningstar       |       |   130 |   229 |   194 ||   553
  Use: Potion            |       |       |     2 |     9 ||    11
       Scroll            |       |       |       |    21 ||    21
  Eat: Chunk             |     1 |     6 |    21 |       ||    28
Armor: Scale mail        |   107 |    94 |    68 |       ||   269
       Plate armour      |       |       |    68 |   152 ||   220
Dodge: Dodged            |    79 |    70 |    52 |    38 ||   239
Block: Shield            |   112 |    95 |   135 |     1 ||   343
       Large shield      |       |       |       |   120 ||   120
       Buckler           |       |       |       |    14 ||    14
